 Dungeon Crawl Stone Soup version 0.29-a0-317-gd16b76e6b1 (webtiles) character file.

Game seed: 13422868108452460349

30 sanka the Ducker (level 3, 35/35 HPs)
             Began as a Gnoll Monk on Mar 31, 2022.
             Was a Believer of Kikubaaqudgha.
             Quit the game on level 1 of the Dungeon.
             The game lasted 00:01:02 (964 turns).

sanka the Ducker (Gnoll Monk)                        Turns: 964, Time: 00:01:03

Health: 35/35      AC:  2    Str: 12    XL:     3   Next: 20%
Magic:  3/3        EV: 15    Int:  9    God:    Kikubaaqudgha [**....]
Gold:   38         SH:  0    Dex: 14    Spells: 3/3 levels left

rFire   . . .      SeeInvis .   a - +0 hand axe
rCold   . . .      Faith    .   (no shield)
rNeg    . . .      Spirit   .   b - +0 robe
rPois   .          Reflect  .   (no helmet)
rElec   .          Harm     .   (no cloak)
rCorr   .          Rampage  .   (no gloves)
Will    .....                   (no boots)
Stlth   +++.......              (no amulet)
HPRegen 0.11/turn               (no ring)
MPRegen 0.08/turn               (no ring)

@: no status effects
A: fangs 1, strong nose, distributed training
a: Renounce Religion, Receive Corpses


You were on level 1 of the Dungeon.
You worshipped Kikubaaqudgha.
Kikubaaqudgha was pleased with you.
You visited 1 branch of the dungeon, and saw 1 of its levels.

You collected 38 gold pieces.


Innate Abilities, Weirdness & Mutations

You have very sharp teeth.
Your uncanny sense of smell can sniff out nearby items.
Your experience applies equally to all skills.


   Skills:
 + Level 6.5 Fighting
 + Level 0.6 Short Blades
 + Level 0.6 Long Blades
 + Level 6.5 Axes
 + Level 0.6 Maces & Flails
 + Level 0.6 Polearms
 + Level 0.6 Staves
 + Level 0.6 Slings
 + Level 0.6 Bows
 + Level 0.6 Crossbows
 + Level 0.6 Throwing
 + Level 0.6 Armour
 + Level 6.5 Dodging
 + Level 4.1 Stealth
 + Level 0.6 Shields
 + Level 0.6 Unarmed Combat
 + Level 0.6 Spellcasting
 + Level 0.4 Conjurations
 + Level 0.4 Hexes
 + Level 0.4 Summonings
 + Level 0.4 Necromancy
 + Level 0.4 Translocations
 + Level 0.4 Transmutations
 + Level 0.4 Fire Magic
 + Level 0.4 Ice Magic
 + Level 0.4 Air Magic
 + Level 0.4 Earth Magic
 + Level 0.4 Poison Magic
 + Level 0.8 Invocations
 + Level 0.6 Evocations


You had 3 spell levels left.
You didn't know any spells.
Your spell library contained the following spells:

 Spells                   Type           Power      Damage    Failure   Level
 Animate Skeleton         Necr           2%         N/A       32%         1
 Slow                     Hex            4%         N/A       32%         1
 Sublimation of Blood     Necr           1%         N/A       43%         2
 Confusing Touch          Hex            1%         N/A       67%         3
 Vampiric Draining        Necr           1%         2d6       67%         3
 Agony                    Necr           1%         N/A       100%        5

Inventory:

Hand Weapons
 a - a +0 hand axe (weapon)
Missiles
 h - 2 throwing nets (quivered) {=f}
Armour
 b - a +0 robe (worn)
Scrolls
 e - a scroll of teleportation {unknown}
 f - a scroll of noise {unknown}
 g - a scroll of immolation {unknown}
Potions
 c - a potion of ambrosia
 d - 2 potions of degeneration {unknown}
 i - a potion of lignification {unknown}

Dungeon Overview and Level Annotations

Branches:
Dungeon (1/15)

Altars:
Kikubaaqudgha

...▒ ▒.▒ ▒.▒▒▒▒▒▒▒▒
...▒ ▒.▒ ▒.▒ ∆ ...▒
▒.▒ ▒▒▒▒
▒.▒▒▒▒▒▒▒▒▒.▒
▒...........▒ ∆
▒......▒....▒▒▒▒▒▒▒
.▒▒▒......▒..f.▒
.....▒▒▒▒▒▒..f▒
▒...▒..▒g▒..†▒▒▒▒▒
▒...▒..▒.▒.P.....▒
▒.........▒..▒▒▒.▒
▒....†.P..▒.P▒
▒..P..†.≈.▒..▒
▒.........▒..▒
▒...f.P...P▒P▒
▒.....P≈≈..▒..
▒...▒▒▒.......


There were no monsters in sight!


Message History

You hit the frilled lizard.
You kill the frilled lizard!
You hit the plant.
The plant begins to die.
You hit the plant but do no damage. You hit the giant cockroach.
The giant cockroach bites you but does no damage.
You hit the giant cockroach.
You kill the giant cockroach!
You hit the plant. You hit the plant.
The plant begins to die.
No target in view!
No target in view!
Unknown command.
A nearby plant withers and dies.
A nearby plant withers and dies.
There is a faded altar of an unknown god here.
You cannot tell which god this altar belongs to.
Convert to them anyway?
Okay, then.
You cannot tell which god this altar belongs to.
Convert to them anyway?
Kikubaaqudgha accepts your prayer! Kikubaaqudgha welcomes you!
You can now receive cadavers from Kikubaaqudgha.
Kikubaaqudgha grants you a gift!
You add the spells Animate Skeleton, Sublimation of Blood and Agony to your library.
Kikubaaqudgha is now protecting you from necromantic miscasts and death curses.
Unknown command.
Press < or > to pray at altars.
Are you sure you want to abandon this character and quit the game? (Confirm with "yes".)

Action                   || total
-------------------------++-------
Melee: Hand axe          ||    63
       Bite              ||     4
       Punch             ||     1
 Stab: Sleeping          ||    11
Armor: Robe              ||     6
Dodge: Dodged            ||    31

Levels and vault maps discovered:
D:1:      minmay_arrival_stair_chambers, layout_basic,
          shapermc_ecumenical_altar_mp_ritualfount

Notes
Turn   | Place    | Note
-------+----------+-------------------------------------------
     0 | D:1      | sanka the Gnoll Monk began the quest for the Orb.
     0 | D:1      | Reached XP level 1. HP: 23/23 MP: 1/1
   111 | D:1      | Reached XP level 2. HP: 14/29 MP: 2/2
   794 | D:1      | Reached XP level 3. HP: 34/35 MP: 3/3
   951 | D:1      | Found a faded altar of an unknown god.
   963 | D:1      | Prayed at the altar of an unknown god.
   963 | D:1      | Became a worshipper of Kikubaaqudgha
   963 | D:1      | Reached * piety under Kikubaaqudgha
   963 | D:1      | Received a gift from Kikubaaqudgha
   963 | D:1      | Reached ** piety under Kikubaaqudgha
   964 | D:1      | Quit the game

Vanquished Creatures
  A dart slug (D:1)
  4 ball pythons (D:1)
  3 endoplasms (D:1)
  2 giant cockroaches (D:1)
  2 goblins (D:1)
  3 hobgoblins (D:1)
  A kobold (D:1)
  A quokka (D:1)
  3 frilled lizards (D:1)
  7 rats (D:1)
27 creatures vanquished.

Vanquished Creatures (others)
  2 plants (D:1)
2 creatures vanquished.

Grand Total: 29 creatures vanquished
